 Dungeon Crawl Stone Soup version 0.20-a0-490-g2d938b1 (webtiles) character file.

12519 TheGoonsmith the Infuser (level 11, -26/61 HPs)
             Began as a Deep Elf Conjurer on Jan 14, 2017.
             Was a Priest of Vehumet.
             Killed from afar by an ice dragon (49 damage)
             ... with a blast of cold
             ... on level 11 of the Dungeon on Jan 15, 2017.
             The game lasted 00:33:22 (12588 turns).

TheGoonsmith the Infuser (Deep Elf Conjurer)       Turns: 12588, Time: 00:33:23

Health: -26/61     AC: 19    Str: 10    XL:     11   Next: 63%
Magic:  11/26      EV: 15    Int: 26    God:    Vehumet [***...]
Gold:   644        SH:  5    Dex: 15    Spells: 16/28 levels left

rFire    . . .     SeeInvis +   n - +2 dagger (venom)
rCold    . . .     Gourm    .   x - +5 ring mail of Nihilism {*Slow Str+5 SInv Stlth+}
rNeg     . . .     Faith    .   (no shield)
rPois    .         Spirit   .   H - +2 hat {SInv}
rElec    .         Reflect  +   w - +0 cloak
rCorr    .         Harm     .   (no gloves)
MR       +....                  q - +2 pair of boots
Stlth    ++........             K - +5 amulet of reflection
Regen    0.2/turn               e - +2 ring of intelligence
                                o - +1 ring of protection

@: no status effects
A: no striking features
a: Renounce Religion


You were on level 11 of the Dungeon.
You worshipped Vehumet.
Vehumet was most pleased with you.
You were not hungry.

You visited 2 branches of the dungeon, and saw 12 of its levels.

You collected 644 gold pieces.

Inventory:

Hand Weapons
 f - a +0 whip of electrocution
 g - a +2 dire flail of holy wrath
 n - a +2 dagger of venom (weapon)
Armour
 a - a +0 robe
 p - a +0 helmet
 q - a +2 pair of boots (worn)
 w - a +0 cloak (worn)
 x - the +5 ring mail of Nihilism (worn) {*Slow Str+5 SInv Stlth+}
   (You took it off a gnoll on level 5 of the Dungeon)

   It affects your strength (+5).
   It lets you see invisible.
   It may slow you when you take damage.
   It makes you more stealthy.
 H - a +2 hat of see invisible (worn)
Jewellery
 e - a +2 ring of intelligence (right hand)
 o - a +1 ring of protection (left hand)
 C - an uncursed ring of magical power
 K - a +5 amulet of reflection (around neck)
 M - a +2 ring of strength
Wands
 h - a wand of enslavement (3/24)
 t - a wand of confusion (18/48)
 D - a wand of paralysis (14/24)
 E - a wand of random effects (26/48)
 N - a wand of lightning (5/15)
 R - a wand of random effects (26/48)
Scrolls
 d - 3 scrolls of teleportation
 i - 2 scrolls of magic mapping
 j - 3 scrolls of remove curse
 l - a scroll of recharging
 r - 3 scrolls of identify
 u - a scroll of enchant weapon
 y - a scroll of amnesia
 A - a scroll of blinking
 B - a scroll of fog
Potions
 k - 2 potions of haste
 s - a potion of flight
 z - 4 potions of curing
 F - a potion of brilliance
 L - a potion of magic
 O - a potion of agility
Books
 b - a book of Conjurations

   Spells                             Type                      Level
   a - Magic Dart                     Conjuration                  1
   b - Searing Ray                    Conjuration                  2
   c - Dazzling Spray                 Conjuration/Hexes            3
   d - Fulminant Prism                Conjuration/Hexes            4
   e - Iskenderun's Mystic Blast      Conjuration                  4
   f - Iskenderun's Battlesphere      Conjuration/Charms           5
 G - a book of Enchantments

   Spells                             Type                      Level
   a - Cause Fear                     Hexes                        4
   b - Yara's Violent Unravelling     Hexes/Transmutation          5
   c - Silence                        Hexes/Air                    5
   d - Deflect Missiles               Charms/Air                   6
   e - Discord                        Hexes                        8
 I - a book of Cantrips

   Spells                             Type                      Level
   a - Confusing Touch                Hexes                        1
   b - Animate Skeleton               Necromancy                   1
   c - Summon Small Mammal            Summoning                    1
   d - Apportation                    Translocation                1
Comestibles
 c - 9 bread rations
 m - 6 meat rations
 v - 3 slices of pizza
 J - 9 beef jerkies


   Skills:
 - Level 4.0 Fighting
 - Level 7.0 Armour
 + Level 8.6 Dodging
 - Level 2.4 Stealth
 - Level 9.3 Spellcasting
 - Level 10.0 Conjurations
 - Level 6.0 Hexes
 - Level 12.0 Charms


You had 16 spell levels left.
You knew the following spells:

 Your Spells              Type           Power        Failure   Level  Hunger
a - Magic Dart            Conj           ####         1%          1    None
b - Searing Ray           Conj           ######       1%          2    None
c - Fulminant Prism       Conj/Hex       ######....   1%          4    #......
z - Iskenderun's Battles  Conj/Chrm      ######..     1%          5    ####...


Dungeon Overview and Level Annotations

Branches:
Dungeon (11/15)            Temple (1/1) D:6            Lair (0/6) D:11
    Orc (0/2) D:10

Altars:
Ashenzari
Cheibriados
Dithmenos
Elyvilon
Fedhas
Hepliaklqana
Kikubaaqudgha
Makhleb
Nemelex Xobeh
Okawaru
Qazlal
Ru
Sif Muna
Trog
Uskayaw
Vehumet
Xom
Yredelemnul
Zin
The Shining One

Shops:
D:9 ?=

Portals:
Ice
Cave: D:11


Message History

The blast of cold hits you!
The searing ray hits the polar bear.
You kill the polar bear!
Vehumet accepts your kill.
You feel your power returning.
The searing ray hits the yak.
The yak is moderately wounded.
You finish channeling your searing ray.
Your battlesphere fires!
The barrage of energy hits the ice dragon.
The ice dragon is lightly wounded.
The ice dragon bites you but does no damage.
The ice dragon claws you but does no damage.
The ice dragon tramples you but does no damage.
The yak gores you!
You see here a wolf skeleton.
The yak gores your battlesphere. The ice dragon breathes frost at you.
The blast of cold hits you!
Ouch! That really hurt!
You die...

,,,,.............................
*****#####..#####################
#..# #..# #..# #..# #####
****######..# #..D.
,,,,........#################.###
,,,,............@.DY.÷÷†......###
,,,,............*....÷.........#
****###############.....(......#
#............#* #............#*
#...........###
******************#...........#**
,,,,,,,,,,,,,,,,,.............#*,
,,,,,,>,,,,,,,,,,.............#*,


You could see an ice dragon, a yak and a friendly battlesphere.

Vanquished Creatures
  Gastronok (D:9)
  4 two-headed ogres
  An ugly thing (D:11)
  A rime drake (D:11)
  A troll (D:9)
  A polar bear (D:11)
  5 hippogriffs (D:8)
  Sigmund (D:4)
  2 yaks (D:11)
  A basilisk (D:11)
  Edmund (D:4)
  A soldier ant (D:10)
  2 water moccasins
  An ice beast (D:11)
  Purgy (D:4)
  4 ogres
  An eye of draining (D:8)
  A sky beast (D:10)
  3 necrophages
  3 orc warriors
  5 phantoms
  2 black bears (D:11)
  2 wolves (D:11)
  5 centaurs
  2 gnoll sergeants
  5 bullfrogs
  A wyvern zombie (D:9)
  3 scorpions
  A water moccasin skeleton (D:9)
  10 killer bees (D:10)
  2 howler monkeys
  3 jellies
  A centaur zombie (D:10)
  7 crimson imps
  2 centaur skeletons
  6 orc wizards
  A bullfrog skeleton (D:4)
  A bullfrog zombie (D:6)
  5 orc priests
  7 hounds
  3 iguanas
  15 worker ants
  A hound zombie (D:8)
  2 howler monkey skeletons
  Robin (D:4)
  9 gnolls
  12 adders
  2 shadow imps
  2 oozes
  An adder zombie (D:6)
  2 worms
  3 dart slugs (D:1)
  4 leopard geckos
  38 orcs
  3 bats
  13 giant cockroaches
  6 hobgoblins
  16 jackals
  7 quokkas
  3 ball pythons
  2 frilled lizards
  21 goblins
  A jackal skeleton (D:8)
  4 kobolds
  A leopard gecko skeleton (D:4)
  3 rats
282 creatures vanquished.

Vanquished Creatures (others)
  25 fulminant prisms
25 creatures vanquished.

Grand Total: 307 creatures vanquished

Notes
Turn   | Place    | Note
-------+----------+-------------------------------------------
     0 | D:1      | TheGoonsmith the Deep Elf Conjurer began the quest for the Orb.
     0 | D:1      | Reached XP level 1. HP: 10/10 MP: 6/6
   148 | D:1      | Reached XP level 2. HP: 15/15 MP: 1/8
   226 | D:1      | Reached skill level 5 in Conjurations
   548 | D:1      | Reached XP level 3. HP: 19/19 MP: 6/9
   577 | D:1      | Learned a level 2 spell: Searing Ray
  1706 | D:3      | Reached XP level 4. HP: 24/24 MP: 8/11
  2251 | D:3      | Learned a level 4 spell: Fulminant Prism
  2707 | D:4      | Found a glowing silver altar of Zin.
  2709 | D:4      | Noticed Robin
  2719 | D:4      | Killed Robin
  2719 | D:4      | Reached skill level 1 in Hexes
  2958 | D:4      | Noticed an ogre
  3001 | D:4      | Killed an ogre
  3001 | D:4      | Reached XP level 5. HP: 28/28 MP: 1/13
  3136 | D:4      | Noticed Purgy
  3230 | D:4      | Reached XP level 6. HP: 24/32 MP: 9/14
  3460 | D:4      | Killed Purgy
  3750 | D:4      | Noticed Sigmund
  4005 | D:4      | Learned a level 5 spell: Iskenderun's Battlesphere
  4041 | D:4      | Reached XP level 7. HP: 21/36 MP: 2/15
  4162 | D:4      | Noticed Edmund
  4176 | D:4      | Killed Edmund
  4176 | D:4      | Reached skill level 5 in Spellcasting
  4576 | D:4      | Killed Sigmund
  4668 | D:5      | Entered Level 5 of the Dungeon
  4707 | D:5      | Reached skill level 5 in Hexes
  5152 | D:5      | Reached skill level 1 in Charms
  5194 | D:5      | Reached skill level 2 in Charms
  5194 | D:5      | Reached XP level 8. HP: 38/41 MP: 0/20
  5194 | D:5      | Reached skill level 3 in Charms
  5414 | D:5      | Reached skill level 4 in Charms
  5512 | D:5      | Reached skill level 5 in Charms
  5575 | D:5      | Found an ancient bone altar of Kikubaaqudgha.
  5734 | D:5      | Reached skill level 6 in Charms
  5828 | D:5      | Got an amethyst-encrusted ring mail
  6145 | D:6      | Reached skill level 7 in Charms
  6912 | D:6      | Reached skill level 10 in Conjurations
  6912 | D:6      | Reached XP level 9. HP: 45/45 MP: 7/21
  7036 | D:6      | Found a staircase to the Ecumenical Temple.
  7043 | Temple   | Entered the Ecumenical Temple
  7067 | Temple   | Became a worshipper of Vehumet
  7190 | D:6      | Found a blossoming altar of Fedhas.
  7319 | D:6      | Identified the +5 ring mail of Nihilism {*Slow Str+5 SInv Stlth+} (You took it off a gnoll on level 5 of the Dungeon)
  7512 | D:7      | Reached skill level 8 in Charms
  7615 | D:7      | Found a deep blue altar of Sif Muna.
  7618 | D:7      | Found a hazy altar of Hepliaklqana.
  7619 | D:7      | Found a shattered altar of Ashenzari.
  7954 | D:7      | Reached skill level 9 in Charms
  8723 | D:7      | Reached * piety under Vehumet
  8723 | D:7      | Offered knowledge of Flame Tongue by Vehumet.
  8799 | D:8      | Found a bloodstained altar of Trog.
  9127 | D:8      | Reached skill level 10 in Charms
  9139 | D:8      | Noticed a two-headed ogre
  9144 | D:8      | Killed a two-headed ogre
  9144 | D:8      | Reached skill level 11 in Charms
  9235 | D:8      | Reached skill level 12 in Charms
  9235 | D:8      | Reached XP level 10. HP: 50/50 MP: 11/25
  9265 | D:8      | Reached skill level 1 in Fighting
  9693 | D:8      | Found a sparkling altar of Nemelex Xobeh.
  9740 | D:8      | Reached skill level 1 in Armour
 10012 | D:9      | Noticed a two-headed ogre
 10024 | D:8      | Killed a two-headed ogre
 10024 | D:8      | Reached ** piety under Vehumet
 10125 | D:8      | Offered knowledge of Throw Flame by Vehumet.
 10375 | D:9      | Noticed Gastronok
 10424 | D:9      | Found Yroekhly's Jewellery Shop.
 10492 | D:9      | Reached skill level 5 in Armour
 10556 | D:9      | Found Kuplioff's Magic Scroll Shop.
 10706 | D:9      | Killed Gastronok
 10706 | D:9      | Reached XP level 11. HP: 40/57 MP: 17/26
 11050 | D:10     | Entered Level 10 of the Dungeon
 11239 | D:10     | Offered knowledge of Stone Arrow by Vehumet.
 11391 | D:10     | Noticed a two-headed ogre
 11398 | D:10     | Killed a two-headed ogre
 11398 | D:10     | Reached skill level 5 in Dodging
 11670 | D:10     | Found a staircase to the Orcish Mines.
 11740 | D:10     | Noticed a two-headed ogre
 11748 | D:10     | Killed a two-headed ogre
 12212 | D:11     | Reached *** piety under Vehumet
 12235 | D:11     | Noticed a purple ugly thing
 12239 | D:11     | Killed a purple ugly thing
 12240 | D:11     | Upgraded the game from 0.20-a0-472-g5c05303 to 0.20-a0-490-g2d938b1
 12343 | D:11     | Found a frozen archway.
 12415 | D:11     | Noticed an ice dragon
 12588 | D:11     | Killed from afar by an ice dragon

Vault maps used:
D:1:      scummos_arrival_forest
D:2:      first_bread
D:3:      kennysheep_nub
D:4:      old_standard_altar, hangedman_abyss_or_decor_passed, uniq_robin,
          uniq_sigmund, uniq_edmund, uniq_purgy
D:5:      kennysheep_mini_moat, kennysheep_nondescript
D:6:      kennysheep_mini
D:7:      nicolae_overflow_hidden_temple, minmay_checkerbox
D:8:      minmay_blocky_corners, old_standard_altar, grunt_ogre_cave,
          nemelex_lonely_heart_becter
D:9:      serial_shops, nicolae_shop_competitors_out_of_business, shop,
          uniq_gastronok
D:10:     orc_0_dummy
D:11:     grunt_lair_entry_orc_guard_hut,
          portal_ice_cave_entry_animals_and_master
Temple:   eino_temple_lava

Skill      XL: |  1  2  3  4  5  6  7  8  9 10 11 |
---------------+----------------------------------+-----
Conjurations   | 5 6 7 8 10 | 10.0
Spellcasting   | 4 7 9 |  9.3
Hexes          | 4 6 |  6.0
Charms         | 2 7 12 | 12.0
Fighting       | 2 4 |  4.0
Armour         | 7 |  7.0
Dodging        | 8 |  8.6
Stealth        | |  2.4

Action                   |  1- 3 |  4- 6 |  7- 9 | 10-12 || total
-------------------------+-------+-------+-------+-------++-------
Melee: Whip              |     4 |       |       |       ||     4
       Dagger            |       |       |    12 |    13 ||    25
 Cast: Magic Dart        |    76 |    88 |   271 |   183 ||   618
       Searing Ray       |     2 |     4 |    20 |    10 ||    36
       Fulminant Prism   |       |     7 |    14 |     5 ||    26
       Iskenderun's Batt |       |       |    11 |    34 ||    45
Evoke: Wand              |       |       |       |     3 ||     3
  Use: Potion            |       |     1 |       |       ||     1
       Scroll            |       |    14 |     4 |     7 ||    25
 Stab: Sleeping          |       |       |     1 |       ||     1
  Eat: Chunk             |     2 |     9 |    19 |    15 ||    45
       Royal jelly       |       |       |       |     1 ||     1
Armor: Robe              |     1 |     5 |     9 |       ||    15
       Ring mail         |       |       |    24 |    42 ||    66
Dodge: Dodged            |     6 |     8 |    44 |    49 ||   107
Block: Other             |       |       |       |    23 ||    23
